 Dungeon Crawl Stone Soup version 0.24.0-123-gd5b16e6ec5 (webtiles) character file.

Game seed: 8673474824920622512, levelgen mode: deterministic

33797 Johnny the Arsonist (level 13, -4/86 HPs)
             Began as a Demigod Fire Elementalist on Jan 21, 2020.
             Slain by an earth elemental (25 damage)
             ... on level 12 of the Dungeon.
             The game lasted 00:38:33 (21813 turns).

Johnny the Arsonist (Demigod Fire Elementalist)    Turns: 21813, Time: 00:38:34

Health: -4/86      AC: 13    Str: 11    XL:     13   Next: 9%
Magic:  18/33      EV: 15    Int: 33    God:
Gold:   809        SH:  0    Dex: 19    Spells: 13/34 levels left

rFire    . . .     SeeInvis +   u - +3 rapier (protect)
rCold    . . .     Gourm    +   (no shield)
rNeg     . . .     Faith    .   I - +2 leather armour of the Manifold Orbs {Int+6}
rPois    .         Spirit   .   e - +2 helmet
rElec    .         Reflect  .   (no cloak)
rCorr    .         Harm     .   E - +2 pair of gloves {Dex+3}
MR       +....                  C - +0 pair of boots (curse)
Stlth    +.........             B - amulet of the gourmand
HPRegen  0.24/turn              s - ring of see invisible
MPRegen  0.23/turn              g - +3 ring of evasion

@: confused
A: high mp 1
a: no special abilities


You were on level 12 of the Dungeon.
You were very full.

You visited 3 branches of the dungeon, and saw 17 of its levels.
You also visited: Sewer and Ice Cave.

You collected 1030 gold pieces.
You spent 221 gold pieces at shops.

Inventory:

Hand Weapons
 u - a +3 rapier of protection (weapon)
 y - a +0 dagger of venom
Armour
 e - a +2 helmet (worn)
 o - a +2 robe of magic resistance
 x - a +2 ring mail of cold resistance
 A - a +2 robe of cold resistance
 C - a cursed +0 pair of boots (worn)
 E - a +2 pair of gloves of dexterity (worn)
 I - the +2 leather armour of the Manifold Orbs (worn) {Int+6}
   (You found it on level 1 of the Lair of Beasts)

   It affects your intelligence (+6).
Magical Staves
 F - an uncursed staff of conjuration
Jewellery
 g - a +3 ring of evasion (right hand)
 m - a +2 ring of strength
 s - a ring of see invisible (left hand)
 B - an amulet of the gourmand (around neck)
 J - a +2 ring of slaying
Wands
 p - a wand of iceblast (17)
 z - a wand of acid (3)
 H - a wand of flame (15)
Scrolls
 b - 5 scrolls of remove curse
 f - a scroll of enchant weapon
 h - 3 scrolls of amnesia
 i - 2 scrolls of immolation
 j - 2 scrolls of magic mapping
 l - 4 scrolls of random uselessness
 n - a scroll of acquirement
 q - a scroll of teleportation
 v - 2 scrolls of blinking
 w - a scroll of enchant armour
 K - a scroll of torment
 N - a scroll of identify
Potions
 a - 2 potions of mutation
 d - 2 potions of curing
 k - 2 potions of resistance
 t - 2 potions of flight
 D - 3 potions of cancellation
 G - a potion of berserk rage {unknown}
 L - a potion of invisibility {unknown}
 O - 2 potions of lignification {unknown}
Comestibles
 c - 20 rations


   Skills:
 + Level 6.8 Armour
 - Level 1.7 Dodging
 - Level 1.7 Stealth
 * Level 11.3 Spellcasting
 + Level 10.6 Conjurations
 * Level 12.3 Fire Magic


You had 13 spell levels left.
You knew the following spells:

 Your Spells              Type           Power        Failure   Level  Hunger
a - Flame Tongue          Conj/Fire      #####        1%          1    None
b - Conjure Flame         Conj/Fire      #######.     1%          3    None
c - Sticky Flame          Conj/Fire      #######.     1%          4    None
d - Blink                 Tloc           N/A          4%          2    None
e - Fireball              Conj/Fire      #######...   1%          5    ##.....
f - Vampiric Draining     Necr           ###.......   10%         3    None
g - Regeneration          Chrm/Necr      ###.......   10%         3    None

Your spell library contained the following spells:

 Spells                   Type           Power        Failure   Level  Hunger
 Magic Dart               Conj           ####         1%          1    None
 Throw Flame              Conj/Fire      ######       1%          2    None
 Throw Frost              Conj/Ice       ######       1%          2    None
 Inner Flame              Hex/Fire       ######..     1%          3    None
 Mephitic Cloud           Conj/Pois/Air  #####...     2%          3    None
 Animate Skeleton         Necr           N/A          3%          1    None
 Beastly Appendage        Tmut           ###...       3%          1    None
 Freeze                   Ice            ###.         3%          1    None
 Pain                     Necr           ###.         3%          1    None
 Throw Icicle             Conj/Ice       ######..     3%          4    None
 Call Imp                 Summ           ###.....     4%          2    None
 Ensorcelled Hibernation  Hex/Ice        ###...       4%          2    None
 Slow                     Hex            ###.....     4%          2    None
 Sticks to Snakes         Tmut           ###.....     4%          2    None
 Ozocubu's Armour         Chrm/Ice       ###.....     10%         3    None
 Spider Form              Tmut/Pois      ###.......   10%         3    None
 Animate Dead             Necr           N/A          32%         4    None
 Ice Form                 Ice/Tmut       ###.....     32%         4    None
 Summon Ice Beast         Ice/Summ       ###.....     32%         4    None
 Blade Hands              Tmut           ###.......   65%         5    ##.....
 Borgnjor's Vile Clutch   Necr/Erth      ###.......   65%         5    ##.....
 Metabolic Englaciation   Hex/Ice        ###.......   65%         5    ##.....
 Silence                  Hex/Air        ###.......   65%         5    ##.....
 Darkness                 Hex            ###.......   99%         6    ####...
 Ozocubu's Refrigeration  Ice            ###.......   99%         6    ####...
 Shadow Creatures         Summ           N/A          99%         6    ####...
 Haunt                    Necr/Summ      ###.......   100%        7    ######.
 Borgnjor's Revivificati  Necr           ###.......   100%        8    #######
 Death's Door             Chrm/Necr      ###.......   100%        8    #######
 Infestation              Necr           ###.......   100%        8    #######
 Necromutation            Tmut/Necr      ###.......   100%        8    #######


Dungeon Overview and Level Annotations

Branches:
Dungeon (13/15)            Temple (1/1) D:7            Lair (5/6) D:8
  Swamp (0/4) Lair:2        Snake (0/4) Lair:3        Slime (0/5) Lair:5
    Orc (0/2) D:12          Sewer (visited)           IceCv (visited)
 Vaults: D:13-14

Shops:
D:4 =   D:5 ?   D:8 *   D:13 [*

Annotations:
D:5 1 runed translucent door, boben's ghost, novice DsAK
Lair:5 Kirke; Urug


Innate Abilities, Weirdness & Mutations

You have an increased reservoir of magic. (+10% MP)


Message History

The orc warrior closely misses you.
Unknown command.
You hit the orc warrior.
You kill the orc warrior!
You hit the earth elemental but do no damage.
The earth elemental hits you!!
* * * LOW HITPOINT WARNING * * *
Unknown command.
The orc shouts!
You hear a shout! x2
Your magical contamination has completely faded away.
Evoke which item? (* to show all) (? for menu, Esc to quit)
Okay, then.
Okay, then.
You are confused.
You feel invigorated. The orc hits you but does no damage.
You bump into the rock wall.
The orc misses you.
You bump into the rock wall.
The orc shouts!
The orc misses you. The earth elemental hits you!!
You die...

...# o....
#..##.....
#.........
#.........
#.........
#####.........
#..o..........
#@# #....o....
#E# #o......).
#J###E...J....
#o##Y#.####...
#o#.#..# ..
#..#..># .
#.#...##
#.#...#
#..###.#


You could see an earth elemental, a jelly and 3 orcs.

Vanquished Creatures
  4 hydras
  A centaur warrior (D:13)
  2 two-headed ogres (D:13)
  4 death yaks
  Sonja (Lair:1)
  A swamp dragon (Lair:2)
  A necromancer (IceCv)
  An ugly thing (D:13)
  2 oklob plants (Lair:5)
  2 black mambas
  A centaur zombie (D:13)
  An ice statue (IceCv)
  8 spiny frogs
  3 komodo dragons
  2 rime drakes
  10 freezing wraiths (IceCv)
  An ice devil (D:13)
  A troll (D:12)
  4 hippogriffs
  11 blink frogs
  Sigmund (D:2)
  A wraith (D:9)
  3 basilisks
  18 yaks
  3 hogs
  A hungry ghost (D:4)
  5 nagas (Lair:3)
  3 water moccasins
  An acid dragon (D:13)
  6 orc warriors
  5 porcupines
  10 ice beasts
  A black bear (D:7)
  2 sky beasts
  An eye of draining (D:12)
  11 ogres
  A necrophage (D:6)
  7 centaurs
  4 wolves (Lair:1)
  10 crocodiles
  5 big kobolds
  5 bullfrogs
  6 scorpions
  5 killer bees (D:7)
  4 wights (D:9)
  6 crimson imps
  A bullfrog zombie (D:5)
  4 draconian simulacra (IceCv)
  3 jellies
  8 orc priests
  2 bullfrog skeletons (D:12)
  4 hounds
  8 orc wizards
  Jessica (D:2)
  4 iguanas
  13 worker ants
  4 troll simulacra (IceCv)
  3 spriggan simulacra (IceCv)
  4 wolf simulacra (IceCv)
  3 centaur simulacra (IceCv)
  A hound skeleton (D:6)
  A gnoll (D:4)
  A howler monkey skeleton (D:4)
  5 naga simulacra (IceCv)
  12 adders
  An ogre simulacrum (IceCv)
  A shadow imp (D:13)
  12 white imps (IceCv)
  8 oozes (Sewer)
  4 worms
  2 dart slugs (D:1)
  11 leopard geckos
  28 orcs
  18 giant cockroaches
  5 goblins
  8 hobgoblins
  4 jackals (D:8)
  21 kobolds
  5 quokkas
  11 ball pythons
  4 bats
  20 frilled lizards
  2 leopard gecko skeletons
  A leopard gecko zombie (D:6)
  A quokka skeleton (D:5)
  5 rats
  A plant (Lair:1)
441 creatures vanquished.

Vanquished Creatures (collateral kills)
  A porcupine (Lair:1)
  A bullfrog (D:8)
  A bullfrog skeleton (D:8)
3 creatures vanquished.

Vanquished Creatures (others)
  An orc wizard (D:8)
  An orc (D:8)
  2 ball pythons (Sewer)
  4 fungi
  2 plants
  3 toadstools (D:1)
13 creatures vanquished.

Grand Total: 457 creatures vanquished

Notes
Turn   | Place    | Note
-------+----------+-------------------------------------------
     0 | D:1      | Johnny the Demigod Fire Elementalist began the quest for
                  | the Orb.
     0 | D:1      | Reached XP level 1. HP: 14/14 MP: 5/5
    74 | D:1      | Reached skill level 1 in Conjurations
   298 | D:1      | Reached XP level 2. HP: 12/20 MP: 1/7
   644 | D:1      | Reached skill level 3 in Fire Magic
  1201 | D:2      | Reached XP level 3. HP: 26/26 MP: 5/8
  1238 | D:2      | Noticed Sigmund
  1266 | D:2      | Killed Sigmund
  1266 | D:2      | Reached XP level 4. HP: 20/33 MP: 0/11
  1266 | D:2      | Reached XP level 5. HP: 24/38 MP: 0/12
  1484 | D:2      | Learned a level 3 spell: Conjure Flame
  1529 | D:2      | Noticed Jessica
  1534 | D:2      | Killed Jessica
  2180 | D:3      | Found a glowing drain.
  2190 | Sewer    | Entered a sewer
  2285 | Sewer    | Learned a level 4 spell: Sticky Flame
  2553 | Sewer    | Reached XP level 6. HP: 43/45 MP: 10/13
  2555 | Sewer    | Reached skill level 4 in Fire Magic
  3626 | D:4      | Reached skill level 5 in Conjurations
  3630 | D:4      | Learned a level 2 spell: Blink
  3663 | D:4      | Noticed a moth of wrath
  3671 | D:4      | Found a bloodstained altar of Trog.
  3681 | D:4      | Reached XP level 7. HP: 50/50 MP: 11/15
  3896 | D:4      | Found Vush's Jewellery Emporium.
  4000 | D:4      | Noticed a hungry ghost
  4032 | D:4      | Killed a hungry ghost
  4730 | D:4      | Found a shattered altar of Ashenzari.
  4774 | D:4      | Found a shadowy altar of Dithmenos.
  4820 | D:5      | Entered Level 5 of the Dungeon
  4842 | D:5      | Reached skill level 5 in Fire Magic
  5341 | D:5      | Found a snail-covered altar of Cheibriados.
  5341 | D:5      | Found a white marble altar of Elyvilon.
  5342 | D:5      | Found a basalt altar of Yredelemnul.
  5374 | D:5      | Reached XP level 8. HP: 57/57 MP: 13/18
  5434 | D:5      | Found a runed translucent door.
  5441 | D:5      | Learned a level 5 spell: Fireball
  5722 | D:5      | Noticed boben's ghost (novice DsAK)
  5753 | D:5      | Reached skill level 5 in Spellcasting
  6320 | D:5      | Reached skill level 6 in Fire Magic
  6379 | D:5      | Found Alos's Magic Scroll Boutique.
  6382 | D:5      | Bought a scroll of blinking for 82 gold pieces
  6382 | D:5      | Bought a scroll of enchant armour for 82 gold pieces
  6382 | D:5      | Bought a scroll of teleportation for 33 gold pieces
  6716 | D:6      | Found a burning altar of Makhleb.
  7672 | D:7      | Noticed a hippogriff
  7679 | D:7      | Killed a hippogriff
  7679 | D:7      | Reached XP level 9. HP: 38/62 MP: 8/21
  7852 | D:7      | Found a staircase to the Ecumenical Temple.
  7977 | D:7      | Found a glowing silver altar of Zin.
  7984 | D:7      | Reached skill level 7 in Fire Magic
  8521 | D:7      | Learned a level 3 spell: Vampiric Draining
  8525 | D:7      | Learned a level 3 spell: Regeneration
  8843 | Temple   | Entered the Ecumenical Temple
  8880 | D:8      | Got a bronze plate armour
  9428 | D:8      | Found a glowing golden altar of the Shining One.
  9809 | D:8      | Found Vuptiolo's General Store.
  9817 | D:8      | Bought a scroll of identify for 24 gold pieces
  9819 | D:8      | Identified the cursed +1 plate armour of Conscience {+Inv
                  | Str-2 Slay+3} (You found it on level 8 of the Dungeon)
 10321 | D:8      | Found a staircase to the Lair.
 10461 | Lair:1   | Entered Level 1 of the Lair of Beasts
 10524 | Lair:1   | Reached skill level 8 in Fire Magic
 10531 | Lair:1   | Got a slimy leather armour
 10603 | Lair:1   | Identified the +2 leather armour of the Manifold Orbs
                  | {Int+6} (You found it on level 1 of the Lair of Beasts)
 10656 | Lair:1   | Reached skill level 1 in Armour
 10690 | Lair:1   | Noticed a spiny frog
 10696 | Lair:1   | Killed a spiny frog
 10696 | Lair:1   | Reached XP level 10. HP: 63/69 MP: 14/25
 10988 | Lair:1   | Reached skill level 9 in Fire Magic
 11006 | Lair:1   | Noticed Sonja
 11020 | Lair:1   | Killed Sonja
 11512 | Lair:2   | Found a staircase to the Swamp.
 11513 | Lair:2   | Noticed a swamp dragon
 11521 | Lair:2   | Killed a swamp dragon
 11909 | Lair:2   | Reached XP level 11. HP: 38/74 MP: 18/27
 12990 | Lair:3   | Noticed a six-headed hydra
 12998 | Lair:3   | Killed a six-headed hydra
 13204 | Lair:3   | Found a staircase to the Snake Pit.
 13269 | Lair:3   | Noticed a seven-headed hydra
 13280 | Lair:3   | Reached skill level 10 in Fire Magic
 13281 | Lair:3   | Killed a seven-headed hydra
 14252 | Lair:3   | Noticed a seven-headed hydra
 14258 | Lair:3   | Killed a seven-headed hydra
 14612 | Lair:3   | Noticed a death yak
 14613 | Lair:3   | Noticed a death yak
 14613 | Lair:3   | Noticed a death yak
 14613 | Lair:3   | Noticed a death yak
 14628 | Lair:3   | Killed a death yak
 14655 | Lair:2   | HP: 1/74 [death yak (15)]
 14658 | Lair:2   | Killed a death yak
 15209 | Lair:3   | Killed a death yak
 15209 | Lair:3   | Reached skill level 5 in Armour
 15210 | Lair:3   | Killed a death yak
 15403 | Lair:4   | Noticed an eight-headed hydra
 15413 | Lair:4   | Killed an eight-headed hydra
 15413 | Lair:4   | Reached skill level 10 in Spellcasting
 15413 | Lair:4   | Reached skill level 11 in Fire Magic
 15413 | Lair:4   | Reached XP level 12. HP: 70/81 MP: 11/30
 16428 | Lair:5   | Reached skill level 10 in Conjurations
 16621 | Lair:5   | Found a staircase to the Slime Pits.
 16954 | Lair:5   | Noticed Kirke
 17309 | Lair:5   | Identified a scroll of acquirement
 17449 | Lair:5   | Noticed Urug
 18810 | D:9      | Found a stormy altar of Qazlal.
 18952 | D:9      | You fall into a shaft and drop 3 floors!
 18952 | D:12     | Found a staircase to the Orcish Mines.
 19374 | D:12     | Found a shimmering altar of Xom.
 19381 | D:12     | Found a shimmering altar of Xom.
 19582 | D:13     | Found a frozen archway.
 19586 | IceCv    | Entered an ice cave
 20493 | IceCv    | Found an ancient bone altar of Kikubaaqudgha.
 20773 | IceCv    | Reached skill level 12 in Fire Magic
 20964 | IceCv    | Identified the Almanac of the Snowflakes
 21400 | D:13     | Noticed a centaur warrior
 21402 | D:13     | Killed a centaur warrior
 21402 | D:13     | Reached XP level 13. HP: 58/86 MP: 10/33
 21713 | D:13     | Found Ixerph's Armour Shop.
 21761 | D:13     | Found Roruexuo's Pet Rocks.
 21813 | D:12     | Slain by an earth elemental

Levels and vault maps discovered:
D:1:      scummos_arrival_simple_fountains, layout_loops_ring,
          serial_bayou_pond_e, minmay_gold_behind_fungi, minmay_cut_off
D:2:      layout_loops_cross, uniq_sigmund, uniq_jessica
D:3:      layout_basic, first_ration, gup_sewer_entry_pipe
D:4:      minmay_chambers_of_fours, layout_cave_pools, marbit_many_paths,
          nicolae_dithmenos_the_darkroom, serial_shops, shop, dk_noncrumbling_2,
          tgw_trog
D:5:      layout_basic, gammafunk_temple_overflow_claw,
          ebering_ghost_inner_flame, serial_shops, nicolae_shop_behind_doors,
          serial_curves, eino_curves_04, eino_curves_02,
          chequers_serial_rivers_micro_d, serial_park_tiny_2,
          chequers_serial_rivers_micro_e
D:6:      layout_basic, makhleb_blood_cavern_becter
D:7:      layout_loops_corners, lemuel_doored_altar,
          minmay_temple_entry_glassed_door, dk_rats_in_the_wall
D:8:      layout_gridville, tso_altar, lair_entry_dummy, serial_shops, shop
D:9:      layout_gridville, nicolae_qazlal_style_of_elements, glass_columns_b
D:12:     layout_loops_ring, erik_orc_4, xom_shifter_show
D:13:     layout_stronghold, serial_shops, nicolae_shop_stone,
          ebering_ghost_gozag, portal_ice_cave_demonic_guard,
          guppyfry_shop_earth, uniq_josephine
Temple:   nicolae_temple_figure_eight
Lair:1:   layout_loops_ring, uniq_sonja
Lair:2:   layout_gridlike, minmay_swamp_entry_reptiles
Lair:3:   layout_cave_pods, minmay_snake_entry_guardpost_medium
Lair:4:   layout_cave_shapes
Lair:5:   layout_cave_pods, minmay_slime_entry_oklob_enclosed, uniq_urug,
          uniq_kirke

Skill      XL: |  1  2  3  4  5  6  7  8  9 10 11 12 |
---------------+-------------------------------------+-----
Conjurations   | 1 2 3 4 5 7 8 9 10 | 10.6
Spellcasting   | 2 3 4 6 7 8 10 11 | 11.3
Fire Magic     | 3 4 5 6 8 9 11 12 | 12.3
Armour         | 1 3 5 6 |  6.8
Dodging        | |  1.7
Stealth        | |  1.7

Action                   |  1- 3 |  4- 6 |  7- 9 | 10-12 | 13-15 || total
-------------------------+-------+-------+-------+-------+-------++-------
Melee: Unarmed           |    12 |    84 |       |       |       ||    96
       Rapier            |       |       |   376 |   191 |    38 ||   605
 Cast: Flame Tongue      |    56 |   110 |    91 |    81 |     2 ||   340
       Sticky Flame      |       |     3 |    43 |    57 |     5 ||   108
       Conjure Flame     |       |       |     2 |     2 |       ||     4
       Vampiric Draining |       |       |    12 |       |       ||    12
       Fireball          |       |       |     2 |   144 |    14 ||   160
       Blink             |       |       |       |    28 |     1 ||    29
       Regeneration      |       |       |       |     1 |       ||     1
Evoke: Wand              |       |     2 |    14 |    58 |       ||    74
  Use: Potion            |     2 |       |     3 |    14 |     1 ||    20
       Scroll            |       |       |    17 |    14 |     1 ||    32
 Stab: Sleeping          |       |       |     7 |     1 |       ||     8
       Distracted        |       |       |     2 |       |       ||     2
  Eat: Chunk             |     1 |     8 |    35 |    42 |     3 ||    89
       Ration            |       |       |     1 |     1 |       ||     2
Armor: Robe              |     6 |    56 |   213 |       |       ||   275
       Leather armour    |       |       |     4 |   163 |    28 ||   195
Dodge: Dodged            |    40 |   135 |   357 |   248 |    37 ||   817
